 Dungeon Crawl Stone Soup version 0.25-a0-353-ged6d54792d (webtiles) character file.

Game seed: 6787791360765408246, levelgen mode: deterministic

51 BritishOli the Slasher (level 3, -10/28 HPs)
             Began as a Demonspawn Gladiator on Jan 2, 2020.
             Killed from afar by Natasha (12 damage)
             ... with a puff of flame
             ... on level 3 of the Dungeon.
             The game lasted 00:01:04 (1448 turns).

BritishOli the Slasher (Demonspawn Gladiator)       Turns: 1448, Time: 00:01:04

Health: -10/28     AC:  4    Str: 15    XL:     3   Next: 58%
Magic:  3/3        EV: 13    Int:  9    God:
Gold:   92         SH:  0    Dex: 14    Spells: 2/2 levels left

rFire    . . .     SeeInvis .   a - +0 long sword
rCold    . . .     Gourm    .   (no shield)
rNeg     . . .     Faith    .   b - +0 leather armour
rPois    .         Spirit   .   c - +0 helmet
rElec    .         Reflect  .   (no cloak)
rCorr    .         Harm     .   (no gloves)
MR       .....                  (no boots)
Stlth    +.........             (no amulet)
HPRegen  0.09/turn              (no ring)
MPRegen  0.08/turn              (no ring)

@: no status effects
A: claws 1, demonic guardian 1
a: no special abilities


You were on level 3 of the Dungeon.
You were not hungry.

You visited 1 branch of the dungeon, and saw 3 of its levels.

You collected 92 gold pieces.

Inventory:

Hand Weapons
 a - a +0 long sword (weapon)
Missiles
 d - 3 throwing nets (quivered)
Armour
 b - a +0 leather armour (worn)
 c - a +0 helmet (worn)
Scrolls
 e - a scroll of remove curse {unknown}
 g - 2 scrolls of teleportation {unknown}
 i - 2 scrolls of magic mapping {unknown}
 j - a scroll of identify {unknown}
 k - a scroll of enchant weapon {unknown}
Potions
 h - a potion of degeneration {unknown}
 l - a potion of berserk rage {unknown}
Comestibles
 f - 6 rations


   Skills:
 + Level 2.5 Fighting
 * Level 3.3 Long Blades
 - Level 2.0 Throwing
 + Level 0.8 Armour
 + Level 3.1 Dodging


You had 2 spell levels left.
You didn't know any spells.
Your spell library was empty.

Dungeon Overview and Level Annotations

Branches:
Dungeon (3/15)

Altars:
Hepliaklqana
Sif Muna

Annotations:
D:3 Natasha


Innate Abilities, Weirdness & Mutations

You have sharp fingernails.
A weak demonic guardian rushes to your aid.


Message History

You closely miss the iron imp.
The iron imp is moderately wounded.
Your shadow imp hits the iron imp but does no damage.
Natasha hisses.
Natasha stares at you and mumbles some strange words.
The magic dart hits you.
Your shadow imp hits the iron imp.
The iron imp hits you but does no damage.
You slash Natasha!
Natasha is severely wounded.
Natasha closely misses you.
Your shadow imp hits the iron imp.
The iron imp hits you.
* * * LOW HITPOINT WARNING * * *
You hit the iron imp.
The iron imp is severely wounded.
Natasha casts a spell at you. The magic dart hits you.
* * * LOW HITPOINT WARNING * * *
Your shadow imp hits the iron imp but does no damage.
Natasha zaps a wand.
The puff of flame hits you!
You die...

.... .. ...##
.# .... ..# ..#
..# #.## ...#
#####..##...#
###...........#
.......55@h...#
#......<.##.###
###...##..# #
#.. ...... ##
##....## .....#
.....# .$...#
......#


You could see an iron imp, Natasha and a friendly shadow imp.

Vanquished Creatures
  An ooze (D:1)
  A worm (D:3)
  A dart slug (D:1)
  A giant cockroach (D:1)
  7 goblins
  4 hobgoblins (D:1)
  6 jackals (D:1)
  A ball python (D:2)
  4 bats
  4 frilled lizards
  5 kobolds
  5 rats
40 creatures vanquished.

Notes
Turn   | Place    | Note
-------+----------+-------------------------------------------
     0 | D:1      | BritishOli the Demonspawn Gladiator began the quest for the
                  | Orb.
     0 | D:1      | Reached XP level 1. HP: 16/16 MP: 1/1
   248 | D:1      | Gained mutation: A weak demonic guardian rushes to your
                  | aid. [demonic ancestry]
   248 | D:1      | Reached XP level 2. HP: 22/22 MP: 2/2
   578 | D:1      | Gained mutation: You have sharp fingernails. [demonic
                  | ancestry]
   578 | D:1      | Reached XP level 3. HP: 25/28 MP: 3/3
   833 | D:2      | Found a shimmering blue altar of Sif Muna.
  1192 | D:2      | Found a hazy altar of Hepliaklqana.
  1438 | D:3      | Noticed Natasha
  1448 | D:3      | Killed from afar by Natasha

Levels and vault maps discovered:
D:1:      nzn_arrival_settlement, layout_loops_cross
D:2:      layout_basic, lemuel_coloured_pillars_altar, lemuel_blue_sif_altar
D:3:      minmay_octagon_keep, layout_basic, marbit_many_paths, uniq_natasha

Skill      XL: |  1  2 |
---------------+-------+-----
Throwing       | 2 |  2.0
Long Blades    | 3 |  3.3
Dodging        | 3 |  3.1
Fighting       | |  2.5
Armour         | |  0.8

Action                   || total
-------------------------++-------
Melee: Long sword        ||   105
  Eat: Chunk             ||     2
Armor: Leather armour    ||    35
Dodge: Dodged            ||    77
       Rpst.: Long sword ||    27

Table legend:
 A = Non-vault XP
 B = Vault XP
 C = Vault XP percentage of total XP
 D = Non-vault monster count
 E = Vault monster count
 F = Vault count percentage of total count
                 A         B        C        D         E       F
            +---------+---------+-------+---------+---------+-------
      Total |      74 |       0 |   0.0 |      40 |       0 |   0.0
            +---------+---------+-------+---------+---------+-------
        D:1 |      50 |       0 |   0.0 |      26 |       0 |   0.0
        D:2 |      19 |       0 |   0.0 |      13 |       0 |   0.0
        D:3 |       5 |       0 |   0.0 |       1 |       0 |   0.0
            +---------+---------+-------+---------+---------+-------
